 Dungeon Crawl Stone Soup version 0.28-a0-1447-ga5a8893891 (webtiles) character file.

Game seed: 14152897100166321208

472 bjtr the Ogre Mage (level 7, 0/63 HPs)
             Began as an Ogre Fire Elementalist on Jan 11, 2022.
             Killed by divine providence
             ... invoked by an orc priest
              (15 damage)
             ... on level 4 of the Dungeon on Jan 12, 2022.
             The game lasted 00:27:25 (4491 turns).

bjtr the Ogre Mage (Ogre Fire Elementalist)         Turns: 4491, Time: 00:27:25

Health: 0/63       AC:  3    Str: 13    XL:     7   Next: 9%
Magic:  5/14       EV: 10    Int: 18    God:
Gold:   150        SH:  0    Dex:  9    Spells: 6/16 levels left

rFire   + . .      SeeInvis .   c - +1 whip (vamp)
rCold   . . .      Faith    .   (no shield)
rNeg    . . .      Spirit   .   p - +0 robe of Intuition {rPois}
rPois   +          Reflect  .   (helmet restricted)
rElec   .          Harm     .   (no cloak)
rCorr   .          Rampage  .   (gloves unavailable)
Will    .....                   (boots unavailable)
Stlth   +.........              (no amulet)
HPRegen 0.20/turn               h - ring of protection from fire
MPRegen 0.14/turn               j - ring of poison resistance

@: no status effects
A: large, unfitting armour, tough skin 1
a: no special abilities


You were on level 4 of the Dungeon.
You visited 1 branch of the dungeon, and saw 4 of its levels.
You also visited: Sewer.

You collected 150 gold pieces.

Inventory:

Hand Weapons
 b - a +0 flail
 c - a +1 vampiric whip (weapon)
 e - a +0 hand axe
 r - a +0 short sword
 x - a +0 long sword
 A - a +0 war axe
Missiles
 d - 128 stones
 g - 13 poisoned darts (quivered)
 q - 26 sling bullets
 u - 16 bolts
Armour
 a - a +1 robe
 p - the +0 robe of Intuition (worn) {rPois}
   (You found it on level 2 of the Dungeon)

   rPois:     It protects you from poison.
Jewellery
 h - a ring of protection from fire (left hand)
 j - a ring of poison resistance (right hand)
 y - a ring of ice
Scrolls
 f - a scroll of amnesia
 i - a scroll of fog
 m - 3 scrolls of enchant weapon
 n - a scroll of enchant armour
 o - a scroll of holy word {unknown}
Potions
 k - 3 potions of mutation {unknown}
 l - 2 potions of haste {unknown}
 s - 2 potions of brilliance {unknown}
 t - 3 potions of resistance {unknown}
 v - a potion of attraction {unknown}
 w - a potion of heal wounds {unknown}
 z - a potion of magic {unknown}


   Skills:
 + Level 1.7 Fighting
 + Level 2.6 Dodging
 - Level 1.4 Stealth
 + Level 5.2 Spellcasting
 + Level 2.1 Conjurations
 * Level 4.8 Fire Magic


You had 6 spell levels left.
You knew the following spells:

 Your Spells              Type           Power      Damage    Failure   Level
a - Foxfire               Conj/Fire      68%        2x1d7     3%          1
b - Scorch                Fire           44%        2d7       2%          2
c - Conjure Flame         Conj/Fire      17%        6-21      9%          3
d - Flame Wave            Conj/Fire      17%        2d5       30%         4

Your spell library contained the following spells:

 Spells                   Type           Power      Damage    Failure   Level
 Inner Flame              Hex/Fire       13%        N/A       14%         3
 Corpse Rot               Necr/Air       8%         N/A       21%         2
 Poisonous Vapours        Pois/Air       8%         N/A       21%         2


Dungeon Overview and Level Annotations

Branches:
Dungeon (4/15)              Sewer (visited)
 Temple: D:4-7

Altars:


Innate Abilities, Weirdness & Mutations

You are too large for most types of armour.
You have tough skin. (AC +1)


Message History

Flames lash the orc.
You kill the orc!
Unknown command.
Casting: Scorch (safe; 2% risk of failure)
Confirm with . or Enter, or press ? or * to list all spells.
Flames lash the orc priest.
The orc priest is severely wounded.
The orc priest's fire resistance burns away.
A giant cockroach comes into view.
The iguana bites you.
Casting: Scorch (safe; 2% risk of failure)
Confirm with . or Enter, or press ? or * to list all spells.
Flames lash the orc priest but do no damage.
The iguana barely misses you.
The orc priest mumbles some strange prayers to Beogh against you.
Pain shoots through your body!
Unknown command.
The orc wizard barely misses you. The iguana closely misses you.
Things that are here:
a +0 dagger; an orc corpse The orc wizard gestures at you while chanting.
The puff of flame hits you. You resist.
Casting: Scorch (safe; 2% risk of failure)
Confirm with . or Enter, or press ? or * to list all spells.
Flames lash the orc wizard.
The orc wizard is moderately wounded.
The orc wizard's fire resistance burns away.
The orc wizard mumbles some strange words.
The orc wizard flickers and vanishes!
Deactivating autopickup; reactivate with Ctrl-A.
The iguana bites you!
The orc priest looks encouraged for a moment.
Unknown command.
The orc priest is no longer more vulnerable to fire.
The orc priest invokes the aid of Beogh against you.
Beogh smites you!
* * * LOW HITPOINT WARNING * * *
The orc priest invokes the aid of Beogh against you.
Beogh smites you!
You die...

##..........)#######
...#
#######.........
#..# #...........
#..# #.#.#######.
#..# #.#.# #..#
#.#.# #..# #.#.#
#..##########.#.#
###..Bo..l@.....#.#
##.##.############.#
#.)B..# ##.#### #.#
#.# #.#
..o............
##o###...####.#


You could see an iguana, an orc priest and a giant cockroach.

Vanquished Creatures
  A phantom (D:4)
  An orc priest (D:3)
  3 jellies (Sewer)
  An iguana (D:4)
  2 orc wizards (D:4)
  7 adders
  A river rat (Sewer)
  7 worms
  A dart slug (D:2)
  11 orcs
  12 endoplasms
  6 giant cockroaches
  3 goblins
  9 hobgoblins
  6 jackals (D:3)
  3 quokkas
  7 ball pythons
  4 bats
  7 frilled lizards
  7 kobolds
  7 rats
106 creatures vanquished.

Vanquished Creatures (others)
  161 foxfires
161 creatures vanquished.

Grand Total: 267 creatures vanquished

Notes
Turn   | Place    | Note
-------+----------+-------------------------------------------
     0 | D:1      | bjtr the Ogre Fire Elementalist began the quest for the
                  | Orb.
     0 | D:1      | Reached XP level 1. HP: 16/16 MP: 3/3
   130 | D:1      | Reached skill level 1 in Conjurations
   249 | D:1      | Found a faded altar of an unknown god.
   280 | D:1      | Reached XP level 2. HP: 24/24 MP: 3/5
   283 | D:1      | Learned a level 2 spell: Scorch
  1142 | D:2      | Reached XP level 3. HP: 31/31 MP: 4/7
  1146 | D:2      | Learned a level 3 spell: Conjure Flame
  1274 | D:2      | Identified the +0 robe of Intuition {rPois}
  1377 | D:2      | Reached skill level 3 in Spellcasting
  1696 | D:2      | Reached XP level 4. HP: 40/40 MP: 2/8
  1767 | D:2      | Reached skill level 1 in Fighting
  2662 | D:3      | Reached XP level 5. HP: 24/48 MP: 1/10
  2811 | D:3      | Reached skill level 4 in Spellcasting
  2833 | D:3      | Found a glowing drain.
  2844 | Sewer    | Entered a sewer
  3303 | Sewer    | Reached XP level 6. HP: 57/57 MP: 2/12
  3448 | Sewer    | Found a viscous altar of Jiyva.
  4084 | D:3      | Learned a level 4 spell: Flame Wave
  4312 | D:4      | Reached skill level 5 in Spellcasting
  4317 | D:4      | Reached XP level 7. HP: 62/63 MP: 3/14
  4491 | D:4      | Killed from afar by an orc priest

Illustrated notes

Levels and vault maps discovered:
D:1:      dpeg_arrival_three_smaller_balls, layout_basic,
          ebering_ecumenical_altar_petrified, hangedman_decor_points,
          chequers_serial_rivers_micro_e
D:2:      layout_loops_ring, minmay_tromino_v2
D:3:      layout_loops_cross, gup_sewer_entry_bubbles
D:4:      layout_loops_ring, minmay_temple_entry_tees

Skill      XL: |  1  2  3  4  5  6 |
---------------+-------------------+-----
Conjurations   | 1 2 |  2.1
Fire Magic     | 3 4 |  4.8
Dodging        | 2 |  2.6
Spellcasting   | 3 4 5 |  5.2
Fighting       | 1 |  1.7
Stealth        | |  1.4

Action                   |  1- 3 |  4- 6 |  7- 9 || total
-------------------------+-------+-------+-------++-------
Melee: Whip              |    40 |    51 |    12 ||   103
       Punch             |       |     2 |     1 ||     3
Throw: Dart              |       |       |     5 ||     5
 Cast: Foxfire           |    37 |    51 |     4 ||    92
       Scorch            |    10 |    45 |     7 ||    62
       Conjure Flame     |       |     1 |       ||     1
  Use: Scroll            |     3 |     3 |       ||     6
       Potion            |     2 |     4 |       ||     6
 Stab: Invisible         |       |     1 |       ||     1
Armor: Robe              |    19 |    26 |     4 ||    49
       Skin              |       |     9 |       ||     9
Dodge: Dodged            |    22 |    63 |    10 ||    95

Table legend: (Time is in decaauts)
 A = Elapsed time spent in this place.
 B = Non-inter-level travel time spent in this place.
 C = Inter-level travel time spent in this place.
 D = Time resting spent in this place.
 E = Time spent auto-exploring this place.
 F = Levels seen in this place.
 G = Mean time per level.
                   A        B        C        D        E       F      G
               +--------+--------+--------+--------+--------+-----+--------+
         Total |   4559 |   4469 |     90 |    869 |   2517 |   5 |  911.8 |
       Dungeon |   3799 |   3709 |     90 |    567 |   2213 |   4 |  949.8 |
         Sewer |    760 |    760 |      0 |    302 |    304 |   1 |  760.0 |
               +--------+--------+--------+--------+--------+-----+--------+

Top non-repeatable levels by time:
     D:2: 1463 daAuts
     D:1: 993 daAuts
     D:3: 945 daAuts
   Sewer: 760 daAuts
     D:4: 396 daAuts
